 Dungeon Crawl Stone Soup version 0.18-a0-750-g37044d6 (webtiles) character file.

58 AbsolutelyHaram the Insei (level 3, -8/29 HPs)
             Began as a Mummy Monk on Dec 12, 2015.
             Killed from afar by Natasha (10 damage)
             ... with a magic dart
             ... on level 1 of the Dungeon.
             The game lasted 00:02:58 (1160 turns).

AbsolutelyHaram the Insei (Mummy Monk)              Turns: 1160, Time: 00:03:28

Health: -8/29      AC:  6    Str: 14    XL:     3   Next: 75%
Magic:  3/3        EV: 13    Int:  9    God:
Gold:   67         SH:  0    Dex: 15    Spells: 0 memorised, 2 levels left

rFire  x . .     SeeInvis .       - Unarmed
rCold  + . .     Clarity  .     (no armour)
rNeg   + + +     SustAt   .     (no shield)
rPois  ∞         Gourm    .     (no helmet)
rElec  .         Spirit   .     i - +0 cloak
rCorr  .         Dismiss  .     (no gloves)
rMut   .         Stasis   .     (no boots)
MR     .....                    (no amulet)
Stlth  ++........               (no ring)
                                b - +5 ring of protection

@: not resistant to hostile enchantments, unstealthy
A: no food or potions, fire vulnerability, cold resistance 1, negative energy
resistance 3, torment resistance, unbreathing
a: no special abilities


You were on level 1 of the Dungeon.
You were not hungry.

You visited 1 branch of the dungeon, and saw 2 of its levels.

You collected 67 gold pieces.


Innate Abilities, Weirdness & Mutations

You do not eat or drink.
Your flesh is vulnerable to fire.
You are immune to poison.
Your flesh is cold resistant.
You are immune to negative energy.
You are immune to unholy pain and torment.
You can survive without breathing.


   Skills:
 - Level 3.0 Fighting
 - Level 2.4 Dodging
 - Level 1.5 Stealth
 + Level 4.5 Unarmed Combat


You had 2 spell levels left.
You didn't know any spells.

Inventory:

Armour
 i - a +0 cloak (worn)
Jewellery
 b - a +5 ring of protection (left hand)
Scrolls
 a - a scroll of fear {unknown}
 c - a scroll of remove curse {unknown}
 d - a scroll of amnesia {unknown}
 e - 2 scrolls of random uselessness {unknown}
 f - 2 scrolls of magic mapping {unknown}
 g - 3 scrolls of identify {unknown}
 h - 2 scrolls of teleportation {unknown}
 j - a scroll of enchant armour {unknown}

Dungeon Overview and Level Annotations

Branches:
Dungeon (2/15)

Altars:

Annotations:
D:1 Natasha

....)......▒(......▒.▒▒..▒.▒▒▒▒..
...........▒.(.....▒.▒▒.▒▒.▒▒▒▒..
▒..........▒.(.....▒....▒........
..............................▒.[
▒†............................(▒▒
..........▒.......▒..........▒...
▒▒▒▒▒▒▒........................▒▒
▒ ▒▒.▒▒......K▒.▒▒.)).......▒▒
▒▒▒▒▒▒..▒▒......M..▒▒............
............▒▒..h...............^
▒▒▒....▒▒▒▒.▒...▒▒▒..............
..▒.▒▒▒▒▒▒▒.........▒▒.▒▒▒....▒▒.
.........(....▒▒..▒....▒▒▒▒>.....
▒▒▒▒▒▒▒.............▒...........▒
▒▒▒▒▒▒÷.▒▒..▒▒▒..▒▒▒▒▒....▒.....▒
................▒▒........>.....▒
▒▒▒▒▒▒...........)...........(...


You could see Natasha and a kobold.


Message History

Natasha closely misses you.
You miss the crimson imp.
The crimson imp is heavily wounded.
The kobold hits you but does no damage.
The crimson imp blinks!
Natasha barely misses you.
There are monsters nearby!
Unknown command.
Natasha casts a spell at you. The magic dart hits you! Natasha claws you.
* * * LOW HITPOINT WARNING * * *
The crimson imp blinks!
There is a stone staircase leading up here.
The kobold hits you but does no damage.
Natasha mumbles some strange words.
You climb upwards.
There is a stone staircase leading down here.
You closely miss Natasha. The kobold hits you with a dagger.
* * * LOW HITPOINT WARNING * * *
Natasha claws you.
* * * LOW HITPOINT WARNING * * *
You hit Natasha.
Natasha is moderately wounded.
The kobold hits you with a dagger.
* * * LOW HITPOINT WARNING * * *
Natasha mumbles some strange words.
You feel troubled.
Natasha stares at you and mumbles some strange words.
The magic dart hits you!
You die...

Action                   || total
-------------------------++-------
Melee: Unarmed           ||   232
 Stab: Sleeping          ||     4
       Distracted        ||     1

Vault maps used:
D:1:      dpeg_arrival_tiny_h
D:2:      uniq_natasha

Notes
Turn   | Place    | Note
--------------------------------------------------------------
     0 | D:1      | AbsolutelyHaram the Mummy Monk began the quest for the Orb.
     0 | D:1      | Reached XP level 1. HP: 18/18 MP: 1/1
    75 | D:1      | Reached XP level 2. HP: 21/24 MP: 2/2
   464 | D:1      | Reached skill level 4 in Unarmed Combat
   561 | D:1      | Reached XP level 3. HP: 24/29 MP: 3/3
  1135 | D:2      | Noticed Natasha
  1160 | D:1      | HP: 2/29 [kobold/dagger (2)]
  1160 | D:1      | Killed from afar by Natasha

Vanquished Creatures
  2 worms
  2 giant geckos
  3 giant cockroaches
  6 hobgoblins
  5 jackals (D:1)
  9 bats
  4 giant newts
  2 goblins (D:2)
  9 kobolds
  3 rats
45 creatures vanquished.
